 Dungeon Crawl Stone Soup version 0.28-a0-1206-g193881aaa2 (webtiles) character file.

Game seed: 11549950759755575324

316 leviel the Skirmisher (level 6, 0/56 HPs)
             Began as a Hill Orc Fighter on Dec 20, 2021.
             Was a Follower of the Shining One.
             Slain by an adder (3 damage)
             ... on level 6 of the Dungeon.
             The game lasted 00:03:32 (3977 turns).

leviel the Skirmisher (Hill Orc Fighter)            Turns: 3977, Time: 00:03:33

Health: 0/56       AC:  7    Str: 18 (21) XL:     6   Next: 44%
Magic:  6/6        EV: 13    Int:  6 (8)  God:    the Shining One [*.....]
Gold:   265        SH:  4    Dex:  9 (10) Spells: 5/5 levels left

rFire   . . .      SeeInvis .   a - +0 war axe
rCold   . . .      Faith    .   c - +0 buckler
rNeg    . . .      Spirit   .   b - +0 scale mail
rPois   .          Reflect  .   (no helmet)
rElec   .          Harm     .   (no cloak)
rCorr   .          Rampage  .   (no gloves)
Will    .....                   (no boots)
Stlth   ..........              (no amulet)
HPRegen 0.18/turn               i - +4 ring of evasion
MPRegen 0.10/turn               (no ring)

@: mighty, glowing
A: no striking features
a: Renounce Religion, Divine Shield


You were on level 6 of the Dungeon.
You worshipped the Shining One.
The Shining One was aware of your devotion.
You visited 1 branch of the dungeon, and saw 5 of its levels.

You collected 265 gold pieces.

Inventory:

Hand Weapons
 a - a +0 war axe (weapon)
Missiles
 l - 2 atropa-tipped darts (quivered)
 o - 8 poisoned darts
Armour
 b - a +0 scale mail (worn)
 c - a +0 buckler (worn)
Jewellery
 i - a +4 ring of evasion (left hand)
Scrolls
 e - a scroll of identify {unknown}
 f - 4 scrolls of teleportation
 g - a scroll of brand weapon {unknown}
 h - a scroll of enchant weapon {unknown}
 j - a scroll of silence {unknown}
 k - a scroll of acquirement {unknown}
 n - a scroll of amnesia {unknown}


   Skills:
 + Level 5.2 Fighting
 + Level 4.8 Axes
 + Level 4.8 Armour
 + Level 4.7 Shields


You had 5 spell levels left.
You didn't know any spells.
Your spell library contained the following spells:

 Spells                   Type           Power      Damage    Failure   Level
 Beastly Appendage        Tmut           0%         N/A       83%         1
 Wereblood                Tmut           0%         N/A       92%         2
 Spider Form              Tmut/Pois      0%         N/A       99%         3
 Petrify                  Tmut/Erth      0%         N/A       100%        4
 Metabolic Englaciation   Hex/Ice        0%         N/A       100%        5
 Statue Form              Tmut/Erth      0%         N/A       100%        6


Dungeon Overview and Level Annotations

Branches:
Dungeon (4/15)
 Temple: D:4-7

Altars:
Hepliaklqana
The Shining One


Message History

You block the hound's attack.
A water moccasin comes into view.
The water moccasin hisses angrily.
The water moccasin bites you. The hound barely misses you.
Okay, then.
As you read the scroll labelled JEETUMUNENK, it crumbles to dust.
You feel strangely unstable.
It was a scroll of teleportation.
The water moccasin bites you but does no damage.
The hound bites you but does no damage. You block the water moccasin's attack.
You barely miss the water moccasin. You slash the hound!
The hound barely misses you.
The gnoll sergeant hits you from afar with a +3 vorpal spear!
* * * LOW HITPOINT WARNING * * *
x2 You block the water moccasin's attack.
The hound bites you.
* * * LOW HITPOINT WARNING * * *
The gnoll sergeant hits you from afar with a +3 vorpal spear.
* * * LOW HITPOINT WARNING * * *
The Shining One protects you from harm!
It was a potion of degeneration.
There was something very wrong with that liquid.
You feel weakened.
You feel dopey.
You feel clumsy. You block the water moccasin's attack. The hound misses you.
The water moccasin bites you but does no damage.
The gnoll sergeant completely misses you.
The hound misses you.
You slash the water moccasin!
The water moccasin is moderately wounded.
You hit the hound but do no damage.
Your surroundings suddenly seem different.
You feel very mighty all of a sudden. The adder bites you but does no damage.
You closely miss the adder. The adder bites you.
* * * LOW HITPOINT WARNING * * *
The adder bites you but does no damage.
You closely miss the adder. The adder bites you but does no damage.
You closely miss the adder. You block the adder's attack. x2
You slash the adder!
The adder is severely wounded.
The adder misses you. The adder bites you.
You die...

#########.#
#....S@...#
#.#######.#
#.# # ###.#
####.#
#...####....#
#.####.....#
#......#.#.#
#####S.#.# #
#....#


You could see an adder.

Vanquished Creatures
  A scorpion (D:2)
  3 orc wizards
  An iguana (D:4)
  4 adders
  A white imp (D:6)
  2 worms (D:2)
  A dart slug (D:2)
  14 orcs
  11 endoplasms
  6 giant cockroaches
  8 goblins
  6 hobgoblins
  3 jackals (D:2)
  3 quokkas
  10 ball pythons
  4 bats
  4 frilled lizards
  3 kobolds
  7 rats
  A spectral orc (D:4)
93 creatures vanquished.

Notes
Turn   | Place    | Note
-------+----------+-------------------------------------------
     0 | D:1      | leviel the Hill Orc Fighter began the quest for the Orb.
     0 | D:1      | Reached XP level 1. HP: 19/19 MP: 1/1
    93 | D:1      | Reached XP level 2. HP: 25/27 MP: 2/2
   467 | D:1      | Reached skill level 4 in Fighting
   561 | D:1      | Reached XP level 3. HP: 19/33 MP: 3/3
   725 | D:1      | Found a faded altar of an unknown god.
  1004 | D:2      | Found a glowing golden altar of the Shining One.
  1043 | D:2      | Became a worshipper of the Shining One
  1057 | D:2      | Noticed a scorpion
  1064 | D:2      | Killed a scorpion
  1065 | D:2      | Reached XP level 4. HP: 9/41 MP: 4/4
  1435 | D:2      | Reached XP level 5. HP: 40/47 MP: 5/5
  3334 | D:4      | Reached skill level 5 in Fighting
  3341 | D:4      | Reached XP level 6. HP: 56/56 MP: 6/6
  3710 | D:4      | Found a hazy altar of Hepliaklqana.
  3924 | D:4      | You fall into a shaft and drop 2 floors!
  3930 | D:6      | Noticed a black bear
  3930 | D:6      | Reached * piety under the Shining One
  3951 | D:6      | Noticed a water moccasin
  3954 | D:6      | HP: 1/56 [gnoll sergeant (2)]
  3954 | D:6      | The Shining One protects you from harm!
  3974 | D:6      | HP: 2/56 [adder (2)]
  3977 | D:6      | Slain by an adder

Illustrated notes

Levels and vault maps discovered:
D:1:      grunt_arrival_lava_bath, layout_basic,
          shapermc_ecumenical_altar_notcrosses
D:2:      layout_loops_ring, basic_altar, grunt_ministairs_15
D:3:      layout_loops_cross
D:4:      layout_basic, nicolae_hepliaklqana_monster_ancestors
D:6:      layout_basic, minmay_starry_boxes, uniq_pikel, uniq_blork_the_orc

Skill      XL: |  1  2  3  4  5 |
---------------+----------------+-----
Axes           | 3 4 |  4.8
Fighting       | 4 5 |  5.2
Armour         | 4 |  4.8
Shields        | 4 |  4.7

Action                   |  1- 3 |  4- 6 || total
-------------------------+-------+-------++-------
Melee: War axe           |    78 |   208 ||   286
Throw: Dart              |       |     2 ||     2
  Use: Potion            |     1 |     3 ||     4
       Scroll            |       |     1 ||     1
Armor: Scale mail        |    39 |    97 ||   136
Dodge: Dodged            |    36 |   140 ||   176
Block: Buckler           |    23 |    51 ||    74

Table legend: (Time is in decaauts)
 A = Elapsed time spent in this place.
 B = Non-inter-level travel time spent in this place.
 C = Inter-level travel time spent in this place.
 D = Time resting spent in this place.
 E = Time spent auto-exploring this place.
 F = Levels seen in this place.
 G = Mean time per level.
                   A        B        C        D        E       F      G
               +--------+--------+--------+--------+--------+-----+--------+
         Total |   4063 |   4006 |     57 |    667 |   2631 |   5 |  812.6 |
       Dungeon |   4063 |   4006 |     57 |    667 |   2631 |   5 |  812.6 |
               +--------+--------+--------+--------+--------+-----+--------+

Top non-repeatable levels by time:
     D:3: 1246 daAuts
     D:2: 1120 daAuts
     D:1: 1027 daAuts
     D:4: 614 daAuts
     D:6: 55 daAuts
